 Dungeon Crawl Stone Soup version 0.25.1-1-g288607f5aa (webtiles) character file.

Game seed: 4413537237695513344

63 BledDest the Bolt Thrower (level 3, -2/27 HPs)
             Began as a Demonspawn Hunter on July 27, 2020.
             Slain by an adder (3 damage)
             ... on level 2 of the Dungeon.
             The game lasted 00:04:29 (2284 turns).

BledDest the Bolt Thrower (Demonspawn Hunter)       Turns: 2284, Time: 00:04:29

Health: -2/27      AC:  3    Str: 12    XL:     3   Next: 87%
Magic:  3/3        EV: 12    Int: 12    God:
Gold:   125        SH:  0    Dex: 14    Spells: 2/2 levels left

rFire    . . .     SeeInvis .   b - +0 short sword
rCold    . . .     Gourm    .   (no shield)
rNeg     . . .     Faith    .   c - +0 leather armour
rPois    .         Spirit   .   (no helmet)
rElec    .         Reflect  .   (no cloak)
rCorr    .         Harm     .   (no gloves)
MR       .....                  (no boots)
Stlth    +.........             (no amulet)
HPRegen  0.09/turn              (no ring)
MPRegen  0.08/turn              (no ring)

@: brilliant, lethally poisoned (-2 -> -10), hasted, very quick
A: claws 1, powered by pain 1
a: no special abilities


You were on level 2 of the Dungeon.
You were hungry.

You visited 1 branch of the dungeon, and saw 2 of its levels.

You collected 125 gold pieces.

Inventory:

Hand Weapons
 a - a +1 hand crossbow
 b - a +0 short sword (weapon)
Missiles
 d - 43 bolts
 h - 72 stones (quivered)
Armour
 c - a +0 leather armour (worn)
Scrolls
 e - a scroll of remove curse {unknown}
 i - a scroll of teleportation {unknown}
 k - 2 scrolls of blinking {unknown}
 l - a scroll of amnesia {unknown}
 n - a scroll of identify {unknown}
Comestibles
 f - 6 rations
 g - 5 chunks of flesh


   Skills:
 - Level 2.0 Fighting
 * Level 5.0 Crossbows
 - Level 1.7 Dodging
 - Level 0.8 Stealth


You had 2 spell levels left.
You didn't know any spells.
Your spell library was empty.

Dungeon Overview and Level Annotations

Branches:
Dungeon (2/15)

Altars:


Innate Abilities, Weirdness & Mutations

You have sharp fingernails.
You sometimes gain a little power by taking damage.


Message History

The adder poisons you!
You hit the adder.
The adder is almost dead.
* * * LOW HITPOINT WARNING * * *
You feel sick. The adder bites you.
* * * LOW HITPOINT WARNING * * *
You miss the adder.
The adder is almost dead.
You barely miss the adder.
The adder is almost dead.
* * * LOW HITPOINT WARNING * * *
You feel sick. The adder bites you but does no damage.
You barely miss the adder.
The adder is almost dead.
* * * LOW HITPOINT WARNING * * *
You feel sick. The adder barely misses you.
You hit the adder but do no damage.
The adder is almost dead.
The adder bites you.
You die...

######### #
#.##.......#
.
#......S##.#
.# ##@##.#
##.# #
#..##.# #..
##.#.###.#
.#
#........#
##
#........#
.#
#.##.##.##
#..# #.
#.##)# ##.#
# #.##.#
...#
#.##.##.#


You could see an adder.

Vanquished Creatures
  3 worms (D:2)
  2 dart slugs (D:1)
  A leopard gecko (D:1)
  2 ball pythons
  8 bats
  2 giant cockroaches
  6 goblins
  2 hobgoblins
  4 jackals (D:1)
  5 kobolds
  A quokka (D:2)
  3 frilled lizards (D:1)
  7 rats
46 creatures vanquished.

Notes
Turn   | Place    | Note
-------+----------+-------------------------------------------
     0 | D:1      | BledDest the Demonspawn Hunter began the quest for the Orb.
     0 | D:1      | Reached XP level 1. HP: 16/16 MP: 1/1
   197 | D:1      | Reached skill level 4 in Crossbows
   199 | D:1      | Gained mutation: You sometimes gain a little power by
                  | taking damage. [demonic ancestry]
   199 | D:1      | Reached XP level 2. HP: 6/22 MP: 2/2
  1001 | D:1      | Gained mutation: You have sharp fingernails. [demonic
                  | ancestry]
  1001 | D:1      | Reached XP level 3. HP: 23/27 MP: 3/3
  2041 | D:2      | Reached skill level 5 in Crossbows
  2283 | D:2      | HP: 1/27 [poisoned by an adder]
  2284 | D:2      | Slain by an adder

Illustrated notes

Levels and vault maps discovered:
D:1:      dpeg_arrival_concentric_ovals, layout_loops_ring
D:2:      layout_loops_cross, hangedman_decor_push

Skill      XL: |  1  2  3 |
---------------+----------+-----
Crossbows      | 4 5 |  5.0
Fighting       | |  2.0
Dodging        | |  1.7
Stealth        | |  0.8

Action                   || total
-------------------------++-------
Melee: Short sword       ||   189
 Fire: Hand crossbow     ||    14
  Use: Potion            ||     2
 Stab: Distracted        ||     1
       Sleeping          ||     3
  Eat: Chunk             ||     4
Armor: Leather armour    ||    60
Dodge: Dodged            ||   145
